 Dungeon Crawl Stone Soup version 0.31-a0-188-g5e087ee2ca (webtiles) character file.

Game seed: 10130752358557335837

88 senseless the Covert (level 4, -3/41 HPs)
             Began as a Gnoll Delver on June 23, 2023.
             Was a Follower of Qazlal.
             Slain by a cerulean imp
             ... wielding a +2 spear
             ... summoned by Natasha
              (5 damage)
             ... on level 2 of the Dungeon.
             The game lasted 00:02:29 (1268 turns).

senseless the Covert (Gnoll Delver)                 Turns: 1268, Time: 00:02:29

Health: -3/41      AC:  4    Str: 13    XL:     4   Next: 53%
Magic:  5/5        EV: 13    Int:  9    God:    Qazlal [*.....]
Gold:   120        SH:  1    Dex: 14    Spells: 5/5 levels left

rFire   + . .        a - +0 hand axe
rCold   + . .        (no shield)
rNeg    . . .        b - +0 leather armour
rPois   .            (no helmet)
rElec   .            i - scarf {+Inv}
rCorr   .            (no gloves)
SInv    .            n - +0 pair of boots
Will    .....        (no amulet)
Stlth   ++++         j - ring of protection from fire
HPRegen 0.26/turn    m - ring of protection from cold
MPRegen 0.09/turn

%: no passive effects
@: slowed, very slow
A: fangs 1, strong nose, distributed training
a: Renounce Religion, Evoke Invisibility


You were on level 2 of the Dungeon.
You worshipped Qazlal.
Qazlal was aware of your devotion.
You visited 1 branch of the dungeon, and saw 5 of its levels.

You collected 120 gold pieces.

Inventory:

Hand Weapons
 a - a +0 hand axe (weapon)
Armour
 b - a +0 leather armour (worn)
 i - a scarf of invisibility (worn)
 n - a +0 pair of boots (worn)
Jewellery
 j - a ring of protection from fire (left hand)
 m - a ring of protection from cold (right hand)
Wands
 g - a wand of digging (3)
Scrolls
 c - a scroll of fog
 d - a scroll of revelation
 e - a scroll of fear
 h - a scroll of identify {unknown}
 k - 2 scrolls of teleportation {unknown}
Potions
 f - a potion of haste
 l - a potion of curing {unknown}


   Skills:
 + Level 6.6 Fighting
 + Level 1.2 Short Blades
 + Level 1.2 Long Blades
 + Level 4.7 Axes
 + Level 1.2 Maces & Flails
 + Level 1.2 Polearms
 + Level 1.2 Staves
 + Level 1.2 Ranged Weapons
 + Level 1.2 Throwing
 + Level 1.2 Armour
 + Level 4.7 Dodging
 + Level 9.6 Stealth
 + Level 1.2 Shields
 + Level 1.2 Unarmed Combat
 + Level 1.2 Spellcasting
 + Level 1.0 Conjurations
 + Level 1.0 Hexes
 + Level 1.0 Summonings
 + Level 1.0 Necromancy
 + Level 1.0 Translocations
 + Level 1.0 Transmutations
 + Level 1.0 Fire Magic
 + Level 1.0 Ice Magic
 + Level 1.0 Air Magic
 + Level 1.0 Earth Magic
 + Level 1.0 Poison Magic
 + Level 1.3 Invocations
 + Level 1.2 Evocations


You had 5 spell levels left.
You didn't know any spells.
Your spell library was empty.

Dungeon Overview and Level Annotations

Branches:
Dungeon (5/15)
 Temple: D:4-7

Altars:
Ashenzari
Qazlal

Annotations:
D:2 Natasha


Innate Abilities, Weirdness & Mutations

You have very sharp teeth.
Your uncanny sense of smell can sniff out nearby items.
Your experience applies equally to all skills.


Message History

The cerulean imp hits you from afar with a +2 spear.
You are too injured to fight recklessly!
You are too injured to fight recklessly!
You are too injured to fight recklessly!
You are too injured to fight recklessly!
You are too injured to fight recklessly!
You are too injured to fight recklessly!
You are too injured to fight recklessly!
You are too injured to fight recklessly!
You are too injured to fight recklessly!
You are too injured to fight recklessly!
You are too injured to fight recklessly!
You are too injured to fight recklessly!
You closely miss Natasha.
Natasha is severely wounded.
Natasha misses you.
The cerulean imp hits you from afar with a +2 spear.
Natasha casts a spell at you.
You feel as though you will be slow longer.
You barely miss Natasha. Your bite misses Natasha.
Natasha is severely wounded.
The cerulean imp closely misses you. Natasha barely misses you.
The cerulean imp hits you from afar with a +2 spear.
* * * LOW HITPOINT WARNING * * *
You closely miss Natasha.
Natasha is severely wounded.
Natasha mumbles some strange words.
The cerulean imp hits you but does no damage.
Natasha claws you!
* * * LOW HITPOINT WARNING * * *
You hit Natasha but do no damage.
Natasha is severely wounded.
You barely miss the cerulean imp.
The cerulean imp hits you from afar with a +2 spear.
* * * LOW HITPOINT WARNING * * *
Natasha casts a spell.
The cerulean imp hits you with a +0 spear.
* * * LOW HITPOINT WARNING * * *
The cerulean imp hits you from afar with a +2 spear.
You die...

#......####......#
#....^.##........#
#......##........#
#......##....###.#
######.##....# #<#
.##....# #.#
.####### #.#
######.######
#.5h@5........
#5####.####### ..#
###


You could see Natasha and 3 cerulean imps.

Vanquished Creatures
  A hound (D:4)
  2 adders (D:2)
  A worm (D:4)
  A dart slug (D:1)
  4 ball pythons
  4 endoplasms
  2 giant cockroaches
  5 goblins
  4 hobgoblins
  3 kobolds
  A quokka (D:1)
  2 bats
  2 frilled lizards (D:1)
  3 rats
35 creatures vanquished.

Notes
Turn   | Place    | Note
-------+----------+-------------------------------------------
     0 | D:5      | Reached skill level 9 in Stealth
     0 | D:5      | senseless the Gnoll Delver began the quest for the Orb.
     0 | D:5      | Reached XP level 1. HP: 23/23 MP: 1/1
     5 | D:4      | Noticed a hound
    15 | D:4      | Killed a hound
    16 | D:4      | Reached XP level 2. HP: 14/29 MP: 1/3
    16 | D:4      | Reached XP level 3. HP: 18/35 MP: 1/4
    99 | D:4      | Found a broken altar of Ashenzari.
   111 | D:4      | Reached skill level 1 in Invocations
   285 | D:2      | Reached skill level 1 in Short Blades
   285 | D:2      | Reached skill level 1 in Long Blades
   285 | D:2      | Reached skill level 1 in Maces & Flails
   285 | D:2      | Reached skill level 1 in Polearms
   285 | D:2      | Reached skill level 1 in Staves
   285 | D:2      | Reached skill level 1 in Ranged Weapons
   285 | D:2      | Reached skill level 1 in Throwing
   285 | D:2      | Reached skill level 1 in Armour
   285 | D:2      | Reached skill level 1 in Shields
   285 | D:2      | Reached skill level 1 in Unarmed Combat
   285 | D:2      | Reached skill level 1 in Spellcasting
   285 | D:2      | Reached skill level 1 in Evocations
   303 | D:2      | Reached XP level 4. HP: 35/41 MP: 5/5
   629 | D:1      | Reached skill level 1 in Conjurations
   629 | D:1      | Reached skill level 1 in Hexes
   629 | D:1      | Reached skill level 1 in Summonings
   629 | D:1      | Reached skill level 1 in Necromancy
   629 | D:1      | Reached skill level 1 in Translocations
   629 | D:1      | Reached skill level 1 in Transmutations
   629 | D:1      | Reached skill level 1 in Fire Magic
   629 | D:1      | Reached skill level 1 in Ice Magic
   629 | D:1      | Reached skill level 1 in Air Magic
   629 | D:1      | Reached skill level 1 in Earth Magic
   629 | D:1      | Reached skill level 1 in Poison Magic
   817 | D:1      | Found a faded altar of an unknown god.
   821 | D:1      | Prayed at the altar of an unknown god.
   821 | D:1      | Became a worshipper of Qazlal Stormbringer
   821 | D:1      | Reached * piety under Qazlal
  1255 | D:2      | Noticed Natasha
  1268 | D:2      | HP: 2/41 [cerulean imp/+0 spear[Natasha] (2)]
  1268 | D:2      | Slain by a cerulean imp

Illustrated notes

Levels and vault maps discovered:
D:1:      elethiomel_arrival_quiet, layout_basic,
          shapermc_ecumenical_altar_mp_vishouse
D:2:      layout_basic, uniq_natasha
D:3:      layout_rooms, minmay_fountain_box, grunt_decor_arrowhead
D:4:      layout_loops_cross, old_standard_altar, serial_shops,
          nicolae_shop_trees, uniq_ijyb
D:5:      layout_layer_cave, gammafunk_temple_overflow_statue, serial_shops,
          shop

Skill      XL: |  1  2  3  4 |
---------------+-------------+-----
Stealth        | |  9.6
Invocations    | 1 |  1.3
Short Blades   | 1 |  1.2
Long Blades    | 1 |  1.2
Maces & Flails | 1 |  1.2
Polearms       | 1 |  1.2
Staves         | 1 |  1.2
Ranged Weapons | 1 |  1.2
Throwing       | 1 |  1.2
Armour         | 1 |  1.2
Shields        | 1 |  1.2
Unarmed Combat | 1 |  1.2
Spellcasting   | 1 |  1.2
Evocations     | 1 |  1.2
Conjurations   | 1 |  1.0
Hexes          | 1 |  1.0
Summonings     | 1 |  1.0
Necromancy     | 1 |  1.0
Translocations | 1 |  1.0
Transmutations | 1 |  1.0
Fire Magic     | 1 |  1.0
Ice Magic      | 1 |  1.0
Air Magic      | 1 |  1.0
Earth Magic    | 1 |  1.0
Poison Magic   | 1 |  1.0
Fighting       | |  6.6
Axes           | |  4.7
Dodging        | |  4.7

Action                     |  1- 3 |  4- 6 || total
---------------------------+-------+-------++-------
  Melee: Hand axe          |    47 |    60 ||   107
         Bite              |     5 |     4 ||     9
         Punch             |       |     1 ||     1
   Stab: Sleeping          |     2 |     8 ||    10
 Armour: Leather armour    |    10 |     7 ||    17
  Dodge: Dodged            |    30 |    23 ||    53
  Block: Other             |       |     2 ||     2

Table legend: (Time is in decaauts)
 A = Elapsed time spent in this place.
 B = Non-inter-level travel time spent in this place.
 C = Inter-level travel time spent in this place.
 D = Time resting spent in this place.
 E = Time spent auto-exploring this place.
 F = Levels seen in this place.
 G = Mean time per level.
                   A        B        C        D        E       F      G
               +--------+--------+--------+--------+--------+-----+--------+
         Total |   1278 |   1254 |     24 |      0 |    967 |   5 |  255.6 |
       Dungeon |   1278 |   1254 |     24 |      0 |    967 |   5 |  255.6 |
               +--------+--------+--------+--------+--------+-----+--------+

Top non-repeatable levels by time:
     D:1: 873 daAuts
     D:4: 202 daAuts
     D:2: 186 daAuts
     D:3: 12 daAuts
     D:5: 4 daAuts
